 Dungeon Crawl Stone Soup version 0.17-a0-819-gf98af59 (webtiles) character file.

375 talyn the Conjurer (level 6, -7/45 HPs)
             Began as a Draconian Conjurer on Apr 27, 2015.
             Shot with an arrow by a centaur (11 damage)
             ... on level 4 of the Dungeon.
             The game lasted 00:13:15 (4592 turns).

talyn the Conjurer (Draconian Conjurer)             Turns: 4592, Time: 00:13:16

Health: -7/45      AC:  8    Str: 14    XL:     6   Next: 44%
Magic:  9/12       EV: 12    Int: 18    God:
Gold:   215        SH:  0    Dex: 11    Spells: 4 memorised, 3 levels left

rFire  . . .     SeeInvis .     n - +1 dagger (elec)
rCold  . . .     Clarity  .     (armour unavailable)
rNeg   . . .     SustAb   .     (no shield)
rPois  .         Gourm    .     (helmet restricted)
rElec  .         Spirit   .     d - +1 cloak
rCorr  .         Warding  .     (no gloves)
rMut   .         Stasis   .     (no boots)
MR     .....                    (no amulet)
Stlth  ++........               (no ring)
                                j - +4 ring of strength

@: not resistant to hostile enchantments, unstealthy
A: unfitting armour, cold-blooded, AC +6
a: no special abilities


You were on level 4 of the Dungeon.
You were not hungry.

You visited 2 branches of the dungeon, and saw 5 of its levels.

You collected 215 gold pieces.

Inventory:

Hand weapons
 f - a +3 mace
 n - a +1 dagger of electrocution (weapon)
Armour
 d - a +1 cloak (worn)
Jewellery
 j - a +4 ring of strength (left hand)
Scrolls
 h - a scroll of remove curse
 l - 5 scrolls of identify
 m - a scroll of teleportation {unknown}
 o - a scroll of magic mapping {unknown}
Potions
 c - a potion of heal wounds
 e - a potion of might
 i - 3 potions of curing {unknown}
 k - a potion of ambrosia {unknown}
Books
 a - a book of Conjurations

   Spells                             Type                      Level
   a - Magic Dart                     Conjuration                  1
   b - Searing Ray                    Conjuration                  2
   c - Dazzling Spray                 Conjuration/Hexes            3
   d - Fulminant Prism                Conjuration/Hexes            4
   e - Iskenderun's Mystic Blast      Conjuration                  4
   f - Iskenderun's Battlesphere      Conjuration/Charms           5
Comestibles
 b - 2 bread rations
 p - 5 fruits


   Skills:
 + Level 1.9 Short Blades
 - Level 2.0 Maces & Flails
 - Level 1.7 Dodging
 - Level 1.7 Stealth
 + Level 4.4 Spellcasting
 * Level 5.5 Conjurations


You had 3 spell levels left.
You knew the following spells:

 Your Spells              Type           Power        Failure   Level  Hunger
a - Magic Dart            Conj           ###.         1%          1    None
b - Searing Ray           Conj           ###...       1%          2    ##.....
c - Dazzling Spray        Conj/Hex       ##......     17%         3    ###....
d - Iskenderun's Mystic   Conj           ###.....     17%         4    ####...


Dungeon Overview and Level Annotations

Branches:
Dungeon (4/15)             Temple (1/1) D:4

Altars:
Ashenzari
Dithmenos
Elyvilon
Fedhas
Gozag
Kikubaaqudgha
Makhleb
Nemelex Xobeh
Qazlal
Ru
Trog
Xom
Yredelemnul
The Shining One


Innate Abilities, Weirdness & Mutations

Your plain brown scales are hard (AC +6).
Your body does not fit into most forms of armour.
You are cold-blooded and may be slowed by cold attacks.


Message History

The centaur is moderately wounded.
The centaur shoots an arrow.
The arrow hits you!
* * * LOW HITPOINT WARNING * * *
x2 The centaur shoots an arrow.
The arrow hits you.
* * * LOW HITPOINT WARNING * * *
x2
Casting: Magic Dart
Confirm with . or Enter, or press ? or * to list all spells.
Aiming: Magic Dart
Press: ? - help, Shift-Dir - straight line, f/p - centaur
Aim: a centaur, wielding a shortbow of velocity (moderately wounded)
The magic dart hits the centaur.
The centaur is moderately wounded.
The centaur shoots an arrow.
The arrow hits you!
* * * LOW HITPOINT WARNING * * *
x2 The centaur shoots an arrow.
The arrow barely misses you.
You see here an arrow.
The centaur shoots an arrow.
The arrow misses you.
You see here an arrow.
The centaur shoots an arrow.
The arrow hits you!
You die...

#........####.##..##
###..###..###....#####
#### ##..##.......##
#.............
##............ ###
##........... ### ###.##
##.>........ #...##....#
#........... #.$(.((@##
##...........
##...###.###....[.......
#....# ##[#.............
#c.##.# ##..............
#.## #.#
##..)............ #.#
##.##................ .
#..................
##.......)..........
##.....(.............


You could see a centaur.

Vanquished Creatures
  An ogre (D:4)
  A phantom (D:4)
  2 hounds
  A worker ant (D:4)
  A hound skeleton (D:4)
  3 adders
  2 worms
  4 giant geckos
  An orc (D:4)
  7 ball pythons
  5 bats
  A bat skeleton (D:4)
  A bat zombie (D:2)
  5 giant cockroaches
  7 goblins
  8 hobgoblins
  5 kobolds
  2 quokkas
  4 giant newts
  4 jackals (D:1)
  8 rats
73 creatures vanquished.

Notes
Turn   | Place    | Note
--------------------------------------------------------------
     0 | D:1      | talyn, the Draconian Conjurer, began the quest for the Orb.
     0 | D:1      | Reached XP level 1. HP: 14/14 MP: 3/3
   300 | D:1      | Reached XP level 2. HP: 20/20 MP: 1/5
   448 | D:1      | Learned a level 2 spell: Searing Ray
  1300 | D:2      | Reached XP level 3. HP: 26/26 MP: 4/7
  1305 | D:2      | Learned a level 3 spell: Dazzling Spray
  1377 | D:2      | Reached skill level 1 in Maces & Flails
  2600 | D:3      | Found a burning altar of Makhleb.
  2607 | D:3      | Reached XP level 4. HP: 29/33 MP: 0/9
  3253 | D:3      | Found a white marble altar of Elyvilon.
  3253 | D:3      | Found an opulent altar of Gozag.
  3258 | D:3      | Found a shadowy altar of Dithmenos.
  3259 | D:3      | Found a shimmering altar of Xom.
  3259 | D:3      | Found a blossoming altar of Fedhas.
  3262 | D:3      | Found a sparkling altar of Nemelex Xobeh.
  3268 | D:3      | Found an ancient bone altar of Kikubaaqudgha.
  3276 | D:3      | Learned a level 4 spell: Iskenderun's Mystic Blast
  3328 | D:4      | Found a staircase to the Ecumenical Temple.
  3343 | Temple   | Entered the Ecumenical Temple
  3496 | D:4      | Reached XP level 5. HP: 38/38 MP: 3/10
  3991 | D:4      | Noticed an ogre
  4004 | D:4      | Killed an ogre
  4004 | D:4      | Reached skill level 1 in Short Blades
  4004 | D:4      | Reached skill level 5 in Conjurations
  4004 | D:4      | Reached XP level 6. HP: 24/45 MP: 2/12
  4372 | D:4      | Noticed a phantom
  4385 | D:4      | Killed a phantom
  4592 | D:4      | Shot with an arrow by a centaur

Action                   |  1- 3 |  4- 6 || total
-------------------------+-------+-------++-------
Melee: Unarmed           |    41 |       ||    41
       Mace              |     1 |       ||     1
       Dagger            |       |    12 ||    12
 Cast: Magic Dart        |    90 |    99 ||   189
       Dazzling Spray    |       |     2 ||     2
  Use: Scroll            |     9 |     1 ||    10
  Eat: Chunk             |     4 |     3 ||     7
       Bread ration      |     1 |       ||     1
